 Seeded DCSS version 0.30-a0-168-g0b976cbdc4 (webtiles) character file.

Game seed: 12090914615902206718 (custom seed)

317 valliere the Sneak (level 6, -1/36 HPs)
             Began as a Kobold Enchanter on Sept 29, 2022.
             Killed by divine providence
             ... invoked by an orc priest
              (17 damage)
             ... on level 3 of the Dungeon.
             The game lasted 00:03:40 (2818 turns).

valliere the Sneak (Kobold Enchanter)               Turns: 2818, Time: 00:03:41

Health: -1/36      AC:  4    Str: 12    XL:     6   Next: 73%
Magic:  9/9        EV: 15    Int: 15    God:
Gold:   164        SH:  0    Dex: 17    Spells: 7/9 levels left

rFire   . . .      SeeInvis +    j - +8 dagger of Currency {drain, Str+7 Int-2 SInv}
rCold   . . .      Faith    .    (no shield)
rNeg    . . .      Spirit   .    p - +0 leather armour
rPois   .          Reflect  .    (no helmet)
rElec   .          Harm     .    (no cloak)
rCorr   .          Rampage  .    m - +0 pair of gloves
Will    .....                    (no boots)
Stlth   ++++......               (no amulet)
HPRegen 0.12/turn                (no ring)
MPRegen 0.11/turn                (no ring)

@: no status effects
A: small, no large weapons, nightstalker 3
a: no special abilities


You were on level 3 of the Dungeon.
You visited 1 branch of the dungeon, and saw 3 of its levels.

You collected 164 gold pieces.

Inventory:

Hand Weapons
 a - a +1 dagger
 j - the +8 dagger of Currency (weapon) {drain, Str+7 Int-2 SInv}
   (You found it on level 2 of the Dungeon)

   A truly terrible weapon, it drains the life of any living foe it strikes.
   Str:       It affects your strength (+7).
   Int:       It affects your intelligence (-2).
   SInv:      It lets you see invisible.
Armour
 b - a +0 robe
 m - a +0 pair of gloves (worn)
 o - a +0 ring mail
 p - a +0 leather armour (worn)
Scrolls
 d - 5 scrolls of identify {unknown}
 e - a scroll of vulnerability {unknown}
 f - a scroll of poison {unknown}
 g - a scroll of blinking {unknown}
Potions
 c - a potion of invisibility
 h - 2 potions of brilliance {unknown}
 i - 2 potions of might {unknown}
 n - a potion of attraction {unknown}


   Skills:
 + Level 2.3 Fighting
 * Level 4.4 Short Blades
 + Level 3.6 Dodging
 * Level 6.3 Stealth
 - Level 2.1 Spellcasting
 + Level 3.7 Hexes


You had 7 spell levels left.
You knew the following spells:

 Your Spells              Type           Power      Damage    Failure   Level
a - Ensorcelled Hibernat  Hex/Ice        14%        N/A       19%         2

Your spell library contained the following spells:

 Spells                   Type           Power      Damage    Failure   Level
 Confusing Touch          Hex            13%        N/A       17%         3
 Tukima's Dance           Hex            13%        N/A       17%         3
 Apportation              Tloc           2%         N/A       28%         1
 Dazzling Flash           Conj/Hex       14%        N/A       36%         3
 Portal Projectile        Hex/Tloc       14%        N/A       36%         3
 Alistair's Intoxication  Tmut/Pois      0%         N/A       100%        5
 Blade Hands              Tmut           0%         N/A       100%        5


Dungeon Overview and Level Annotations

Branches:
Dungeon (3/15)

Altars:

Annotations:
D:3 3 runed translucent doors


Innate Abilities, Weirdness & Mutations

You are small and have problems with some larger weapons.
You are completely attuned to the shadows.


Message History

Found a white potion.
The helpless endoplasm fails to defend itself.
You spit the endoplasm like a pig!!!
You kill the endoplasm!
i - 2 white potions (gained 1)
Found 5 stones.
You see here 5 stones.
You open the door.
There is an open door here.
Found a faded altar of an unknown god.
An endoplasm comes into view.
Found an escape hatch in the floor.
The helpless endoplasm fails to defend itself.
You spit the endoplasm like a pig!!!
You kill the endoplasm!
You open the door.
There is an open door here.
There is an open door here.
A bat is nearby!
The orc shouts!
You hear a shout! x2
The bat hits you but does no damage. The orc hits you with a +0 hand axe.
You puncture the orc!
You kill the orc!
The bat closely misses you. The bat barely misses you.
You hit the orc wizard. You drain the orc wizard.
The orc wizard is lightly wounded.
The orc wizard barely misses you. The bat closely misses you.
You puncture the orc wizard!
The orc wizard is severely wounded.
The bat misses you. The orc wizard casts a spell at you.
The puff of flame hits you.
The orc priest invokes the aid of Beogh against you.
Beogh smites you!
You hit the orc wizard but do no damage.
The orc wizard is severely wounded.
The bat barely misses you. The bat misses you.
The orc priest calls down the wrath of Beogh upon you.
Beogh smites you!
You die...

####.#...####.###
#.....# #.# ##....##
#.# #.....###.#
#......##.#
#......##.#
***####......##.#
*,,...........#.#
*,,....@......#.#
*,,..obo......#.#
***#...######.#.#
#...,,,,*#.#.####
#...,,,,*#......#####
*,,,,,,,*###........#
*,,,,,,,*######......
*,,,,,,,*#........#.#
*,,,,,,,*#.#...)..#.#


You could see an orc priest, an orc wizard (very drained) and a bat.

Vanquished Creatures
  Sigmund (D:2)
  Terence (D:3)
  Natasha (D:2)
  4 gnolls (D:3)
  4 adders
  An orc (D:3)
  A bat (D:2)
  3 endoplasms (D:3)
  A giant cockroach (D:1)
  A goblin (D:3)
  5 hobgoblins
  3 jackals (D:1)
  3 quokkas (D:1)
  2 ball pythons
  3 frilled lizards
  2 kobolds
  2 rats (D:1)
38 creatures vanquished.

Notes
Turn   | Place    | Note
-------+----------+-------------------------------------------
     0 | D:1      | valliere the Kobold Enchanter began the quest for the Orb.
     0 | D:1      | Reached XP level 1. HP: 10/10 MP: 3/3
   168 | D:1      | Reached XP level 2. HP: 7/15 MP: 5/5
  1346 | D:2      | Reached XP level 3. HP: 20/20 MP: 6/6
  1447 | D:2      | Identified the +8 dagger of Currency {drain, Str+7 Int-2
                  | SInv}
  1819 | D:2      | Reached skill level 1 in Fighting
  1820 | D:2      | Noticed Sigmund
  1829 | D:2      | Killed Sigmund
  1830 | D:2      | Reached skill level 5 in Stealth
  1830 | D:2      | Reached XP level 4. HP: 19/26 MP: 7/7
  1830 | D:2      | Reached XP level 5. HP: 22/30 MP: 8/8
  1830 | D:2      | Reached XP level 6. HP: 26/35 MP: 9/9
  2026 | D:2      | Noticed Natasha
  2034 | D:2      | Killed Natasha
  2035 | D:2      | Reached skill level 6 in Stealth
  2167 | D:2      | Learned a level 2 spell: Ensorcelled Hibernation
  2683 | D:3      | Found a runed translucent gate.
  2683 | D:3      | Found a runed translucent gate.
  2683 | D:3      | Found a runed translucent gate.
  2695 | D:3      | Noticed Terence
  2699 | D:3      | Killed Terence
  2763 | D:3      | Found a faded altar of an unknown god.
  2818 | D:3      | Killed from afar by an orc priest

Illustrated notes

Levels and vault maps discovered:
D:1:      minmay_arrival_checkered_box, layout_loops_corners, serial_forest,
          infiniplex_forest_fountain, infiniplex_forest_straight_2,
          infiniplex_forest_corner_1, infiniplex_forest_lined_room_2,
          infiniplex_forest_lined_1, infiniplex_forest_clump_tiny,
          roderic_lattice_a, minmay_pentomino_t2
D:2:      layout_loops_ring, kennysheep_generic_room_14, uniq_sigmund,
          uniq_natasha
D:3:      minmay_angry_zag, layout_basic, gammafunk_ghost_necromancy,
          basic_ecumenical_altar, uniq_terence

Skill      XL: |  1  2  3  4  5  6 |
---------------+-------------------+-----
Short Blades   | 2 3 4 |  4.4
Fighting       | 2 |  2.3
Dodging        | 3 |  3.6
Stealth        | 5 6 |  6.3
Spellcasting   | |  2.1
Hexes          | |  3.7

Action                   |  1- 3 |  4- 6 || total
-------------------------+-------+-------++-------
Melee: Dagger            |    48 |    32 ||    80
       Punch             |       |     1 ||     1
  Use: Potion            |     1 |       ||     1
       Scroll            |       |     2 ||     2
 Stab: Sleeping          |    14 |     6 ||    20
       Invisible         |     1 |       ||     1
Armor: Robe              |     5 |     1 ||     6
       Leather armour    |       |     2 ||     2
Dodge: Dodged            |    33 |    32 ||    65

Table legend: (Time is in decaauts)
 A = Elapsed time spent in this place.
 B = Non-inter-level travel time spent in this place.
 C = Inter-level travel time spent in this place.
 D = Time resting spent in this place.
 E = Time spent auto-exploring this place.
 F = Levels seen in this place.
 G = Mean time per level.
                   A        B        C        D        E       F      G
               +--------+--------+--------+--------+--------+-----+--------+
         Total |   2807 |   2713 |     94 |    207 |   2211 |   3 |  935.7 |
       Dungeon |   2807 |   2713 |     94 |    207 |   2211 |   3 |  935.7 |
               +--------+--------+--------+--------+--------+-----+--------+

Top non-repeatable levels by time:
     D:1: 1341 daAuts
     D:2: 1055 daAuts
     D:3: 409 daAuts
